 Dungeon Crawl Stone Soup version 0.23.1 (webtiles) character file.

Game seed: 15447294039892865290

124 Irenicus the Digger (level 4, -4/36 HPs)
             Began as a Deep Dwarf Earth Elementalist on Mar 8, 2019.
             Slain by Sigmund
             ... wielding a +0 scythe
              (11 damage)
             ... on level 2 of the Dungeon.
             The game lasted 00:05:36 (920 turns).

Irenicus the Digger (Deep Dwarf Earth Elementalist)  Turns: 920, Time: 00:05:36

Health: -4/36      AC:  3    Str: 16 (17) XL:     4   Next: 81%
Magic:  3/6        EV: 12    Int: 15 (16) God:
Gold:   135        SH:  0    Dex: 10 (13) Spells: 4/7 levels left

rFire    . . .     SeeInvis .   g - +2 dagger (drain)
rCold    . . .     Gourm    .   (no shield)
rNeg     . . .     Faith    .   k - +0 leather armour
rPois    .         Spirit   .   (no helmet)
rElec    .         Reflect  .   (no cloak)
rCorr    .         Harm     .   (no gloves)
MR       .....                  (no boots)
Stlth    ++........             (no amulet)
HPRegen  0.00/turn              (no ring)
MPRegen  0.10/turn              (no ring)

@: mighty, flying, non-regenerating
A: damage resistance, heal wounds, sense surroundings 1, no regeneration
a: Heal Wounds


You were on level 2 of the Dungeon.
You were hungry.

You visited 1 branch of the dungeon, and saw 2 of its levels.

You collected 135 gold pieces.

Inventory:

Hand Weapons
 g - a +2 dagger of draining (weapon)
   (You took it off a goblin on level 1 of the Dungeon)
Missiles
 b - 43 stones (quivered)
Armour
 c - a +0 helmet
   (You found it on level 2 of the Dungeon)
 k - a +0 leather armour (worn)
   (You found it on level 2 of the Dungeon)
Scrolls
 f - a scroll of identify {unknown}
 h - a scroll of immolation {unknown}
 j - a scroll of magic mapping {unknown}
Comestibles
 d - a ration


   Skills:
 - Level 2.1 Dodging
 - Level 2.4 Stealth
 - Level 2.1 Spellcasting
 - Level 0.8 Transmutations
 + Level 7.1 Earth Magic


You had 4 spell levels left.
You knew the following spells:

 Your Spells              Type           Power        Failure   Level  Hunger
a - Sandblast             Erth           ###...       1%          1    #......
w - Passwall              Tmut/Erth      ##......     8%          2    ###....

Your spell library contained the following spells:

 Spells                   Type           Power        Failure   Level  Hunger
 Stone Arrow              Conj/Erth      ##....       19%         3    ###....
 Petrify                  Tmut/Erth      ##......     45%         4    #####..
 Lee's Rapid Deconstruct  Erth           ###.......   36%         5    ######.


Dungeon Overview and Level Annotations

Branches:
Dungeon (2/15)

Altars:

Annotations:
D:2 Sigmund


Innate Abilities, Weirdness & Mutations

You are resistant to damage.
You can heal yourself by infusing magical energy.
You passively map a small area around you.
You do not regenerate.


Message History

Your Earth Magic skill increases to level 6!
b - 47 stones Sigmund the Dreaded comes into view.
He is wielding a +0 scythe.
Aim: an adder The blast of sand hits the adder!
You kill the adder!
You have reached level 4!
You feel stronger.
b - 46 stones Sigmund shouts!
You regained 5 hp, and now have 19/36 hp.
You now have 3/7 mp.
Aim: a gnoll, wielding a +0 spear The blast of sand hits the gnoll.
b - 45 stones You now have 2/7 mp.
Aim: a gnoll, wielding a +0 spear (moderately wounded)
The blast of sand hits the gnoll!
You kill the gnoll!
b - 44 stones An adder comes into view.
You now have 1/7 mp.
Aim: an adder (hasn't noticed you)
The blast of sand hits the adder!
The adder hisses angrily.
b - 43 stones You now have 0/7 mp.
You don't have enough magic to cast that spell.
Unknown command.
You hit the adder.
You kill the adder!
A gnoll comes into view. It is wielding a +0 whip.
You hit the gnoll.
Sigmund casts a spell.
Sigmund flickers and vanishes!
Deactivating autopickup; reactivate with Ctrl-A.
The gnoll hits you with a +0 whip.
You take 5 damage, and have 14/36 hp.
Jessica the Apprentice Sorceress comes into view.
She is wearing a +0 robe of fire resistance.
You see here a helmet.
c - a helmet The gnoll hits you with a +0 whip.
You take 3 damage, and have 11/36 hp.
Jessica shouts!
The gnoll hits you with a +0 whip!
* * * LOW HITPOINT WARNING * * *
You take 8 damage, and have 3/36 hp.
MASSIVE DAMAGE!!
It was a potion of degeneration.
There was something very wrong with that liquid.
You feel weakened.
You feel dopey.
You feel clumsy.
It was a potion of flight.
You feel very buoyant.
You fly up into the air.
The gnoll closely misses you.
It was a potion of might.
You feel very mighty all of a sudden. The gnoll closely misses you.
You fail to use your ability.
The gnoll barely misses you.
You feel much better. The gnoll closely misses you. Something hits you.
You regained 27 hp, and now have 30/36 hp.
You puncture the gnoll!
You kill the gnoll!
You hear some strange, mumbled words.
You are confused.
Something hits you!
Jessica casts a spell.
Jessica blinks!
You take 10 damage, and have 20/36 hp.
MASSIVE DAMAGE!!
You see here a +0 whip.
You hit something. Something hits you but does no damage.
You bump into the rock wall.
Jessica looks very angry.
Jessica mumbles some strange words.
Jessica blinks!
Something hits you.
You take 2 damage, and have 18/36 hp.
You miss something. Something hits you.
You take 1 damage, and have 17/36 hp.
You feel less confused. Something hits you.
You take 2 damage, and have 15/36 hp.
Jessica gestures at you while chanting. Pain shoots through your body!
* * * LOW HITPOINT WARNING * * *
You see here a +0 whip.
You take 10 damage, and have 5/36 hp.
MASSIVE DAMAGE!!
Your magical essence is drained by the effort!
You feel much better. Something barely misses you.
You regained 19 hp, and now have 24/36 hp.
You barely miss something. Something hits you!
You take 9 damage, and have 15/36 hp.
MASSIVE DAMAGE!!
You hit something. Jessica closely misses you.
You puncture Jessica!
You kill Jessica!
You feel your intelligence returning.
Your Earth Magic skill increases to level 7!
Something hits you!
* * * LOW HITPOINT WARNING * * *
You take 8 damage, and have 7/36 hp.
MASSIVE DAMAGE!!
You hit something. Something hits you!
You die...

,,#≈...§§.§...≈#.##...... #.
#≈≈≈≈≈≈≈≈§§≈≈#.##..#.######.
*
.##############.##...........
..................<...###....
,
.........####.####.#.###.....
......†##..##.# #.#..#..≈...
......)#.#.##.# #.##...≈≈...
, ....##......#.#
#.##........ ...........{@.#
#.#......... *
..#.##......#[# #.#.........
. ......##.##.#* #.#........#
, , .##.# #.##.. ,
,#.≈......# , #.
.......,,....≈.....# , * #
#.#.#.#.#..#.≈......# , * *
#..........#.......). *
,*#.#.#.#.#$.#......... , ,
#.........


There were no monsters in sight!

Vanquished Creatures
  Jessica (D:2)
  3 adders (D:2)
  3 gnolls (D:2)
  An ooze (D:1)
  4 leopard geckos
  4 bats
  8 goblins
  2 hobgoblins (D:1)
  3 frilled lizards
  3 kobolds (D:1)
  6 rats
38 creatures vanquished.

Notes
Turn   | Place    | Note
-------+----------+-------------------------------------------
     0 | D:1      | Irenicus the Deep Dwarf Earth Elementalist began the quest
                  | for the Orb.
     0 | D:1      | Reached XP level 1. HP: 15/15 MP: 3/3
   136 | D:1      | Reached skill level 2 in Spellcasting
   186 | D:1      | Reached XP level 2. HP: 22/22 MP: 1/5
   418 | D:1      | Reached skill level 5 in Earth Magic
   455 | D:1      | Learned a level 2 spell: Passwall
   562 | D:1      | Reached XP level 3. HP: 22/28 MP: 2/6
   887 | D:2      | Reached skill level 6 in Earth Magic
   887 | D:2      | Noticed Sigmund
   888 | D:2      | Reached XP level 4. HP: 19/36 MP: 3/7
   897 | D:2      | Noticed Jessica
   900 | D:2      | HP: 3/36 [gnoll/+0 whip (8)]
   915 | D:2      | HP: 5/36 [Jessica/nerve-wracking pain (10)]
   919 | D:2      | Killed Jessica
   919 | D:2      | Reached skill level 7 in Earth Magic
   920 | D:2      | Slain by Sigmund

Skill      XL: |  1  2  3  4 |
---------------+-------------+-----
Spellcasting   | 2 |  2.1
Earth Magic    | 5 6 7 |  7.1
Dodging        | |  2.1
Stealth        | |  2.4
Transmutations | |  0.8

Action                   |  1- 3 |  4- 6 || total
-------------------------+-------+-------++-------
Melee: Club              |     1 |       ||     1
       Dagger            |     6 |     9 ||    15
 Cast: Sandblast         |    37 |     4 ||    41
       Passwall          |     1 |       ||     1
 Abil: Heal Wounds       |       |     2 ||     2
  Use: Potion            |       |     3 ||     3
 Stab: Sleeping          |     2 |       ||     2
Armor: Robe              |     1 |       ||     1
       Leather armour    |       |     1 ||     1
Dodge: Dodged            |    12 |     6 ||    18

Levels and vault maps discovered:
D:1:      mainiacjoe_arrival_reflecting_pool, layout_loops_corners,
          minmay_crystal_water
D:2:      layout_loops_ring, first_ration, serial_glass, glass_columns_c,
          glass_columns_b, kennysheep_decorative_pillar,
          kennysheep_small_spiral, minmay_tetromino_l2, uniq_jessica,
          uniq_sigmund

Table legend:
 A = Turns spent in this place as a percentage of turns spent in the entire game.
 B = Non-inter-level travel turns spent in this place as a percentage of non-inter-level travel turns spent in the entire game.
 C = Inter-level travel turns spent in this place as a percentage of turns spent in this place.
 D = Turns resting spent in this place as a percentage of non-inter-level travel turns spent in this place.
 E = Turns spent auto-exploring this place as a percentage of non-inter-level travel turns spent in this place.
 F = Non-inter-level travel turns spent in this place divided by the number of levels of this place that you've seen.
                   A       B       C       D       E      F
               +-------+-------+-------+-------+-------+----------------------
         Total | 100.0 | 100.0 |   0.0 |   0.0 |   0.0 | 460.0
       Dungeon | 100.0 | 100.0 |   0.0 |   0.0 |   0.0 | 460.0
               +-------+-------+-------+-------+-------+----------------------

Table legend:
 A = Kills in this place as a percentage of kills in entire the game.
 B = Kills by you in this place as a percentage of kills by you in the entire game.
 C = Kills by friends in this place as a percentage of kills by friends in the entire game.
 D = Other kills in this place as a percentage of other kills in the entire game.
 E = Experience gained in this place as a percentage of experience gained in the entire game.
 F = Experience gained in this place divided by the number of levels of this place that you have seen.
                   A       B       C       D       E      F
               +-------+-------+-------+-------+-------+----------------------
         Total | 100.0 | 100.0 |   N/A |   N/A | 100.0 |  89.0
       Dungeon | 100.0 | 100.0 |   N/A |   N/A | 100.0 |  89.0
               +-------+-------+-------+-------+-------+----------------------
